 Dungeon Crawl Stone Soup version 0.17-a0-1685-g57e755e (webtiles) character file.

88 abixa the Ruffian (level 4, 0/28 HPs)
             Began as a Gargoyle Fighter on Aug 19, 2015.
             Killed by nerve-wracking pain
             ... invoked by a shadow imp
             ... summoned by Natasha
              (7 damage)
             ... on level 3 of the Dungeon.
             The game lasted 00:03:31 (2014 turns).

abixa the Ruffian (Gargoyle Fighter)                Turns: 2014, Time: 00:03:31

Health: 0/28       AC: 11    Str: 20    XL:     4   Next: 54%
Magic:  4/4        EV:  7    Int:  9    God:
Gold:   117        SH:  9    Dex:  9    Spells: 0 memorised, 3 levels left

rFire  . . .     SeeInvis .       - Unarmed
rCold  . . .     Clarity  .     a - +0 scale mail
rNeg   + . .     SustAt   .     b - +0 shield
rPois  ∞         Gourm    .     (no helmet)
rElec  +         Spirit   .     g - -2 cloak (curse)
rCorr  .         Warding  .     m - +0 pair of gloves
rMut   .         Stasis   .     y - +0 pair of boots
MR     .....                    (no amulet)
Stlth  +.........               (no ring)
                                i - ring of stealth

@: slowed, very slow, not resistant to hostile enchantments, very unstealthy
A: negative energy resistance 1, electricity resistance, unbreathing,
petrification resistance, rot immunity, AC +3
a: no special abilities


You were on level 3 of the Dungeon.
You were not hungry.

You visited 1 branch of the dungeon, and saw 3 of its levels.

You collected 117 gold pieces.

Inventory:

Hand weapons
 v - a +0 hunting sling
Missiles
 e - 63 stones (quivered)
 f - 18 bolts
 h - 19 arrows
 u - 28 sling bullets
Armour
 a - a +0 scale mail (worn)
 b - a +0 shield (worn)
 g - a cursed -2 cloak (worn)
 m - a +0 pair of gloves (worn)
 s - a cursed -1 cloak
 w - a cursed +0 chain mail
 y - a +0 pair of boots (worn)
Jewellery
 i - a ring of stealth (left hand)
 x - a cursed ring of loudness {unknown}
Scrolls
 j - a scroll of enchant weapon {unknown}
 k - a scroll of amnesia {unknown}
 l - 2 scrolls of identify {unknown}
 n - 2 scrolls of magic mapping {unknown}
 p - a scroll of fog {unknown}
 r - a scroll of remove curse {unknown}
Potions
 c - 2 potions of might
 q - 2 potions of curing {unknown}
Comestibles
 d - 3 bread rations
 o - 2 meat rations
 t - 2 beef jerkies


   Skills:
 - Level 3.2 Fighting
 - Level 3.2 Armour
 - Level 3.2 Shields
 + Level 4.6 Unarmed Combat


You had 3 spell levels left.
You didn't know any spells.

Dungeon Overview and Level Annotations

Branches:
Dungeon (3/15)

Altars:
The Shining One

Annotations:
D:2 Sigmund
D:3 Natasha


Innate Abilities, Weirdness & Mutations

You are resistant to torment.
Your stone body is resilient (AC +3).
You are immune to poison.
You resist negative energy.
You are resistant to electric shocks.
You can survive without breathing.
You are immune to petrification.
You are immune to rotting.


Message History

You hit Natasha but do no damage.
Natasha is almost dead.
The shadow imp barely misses you. Natasha claws you but does no damage.
The crimson imp closely misses you.
The shadow imp hits you but does no damage.
Your shield and scale mail prevent you from hitting Natasha.
Natasha is almost dead.
Natasha claws you but does no damage. You block the crimson imp's attack.
The shadow imp hits you but does no damage.
Natasha zaps a wand.
The puff of frost hits you! The crimson imp hits you.
You closely miss Natasha.
Natasha is almost dead.
The shadow imp barely misses you. Natasha claws you.
* * * LOW HITPOINT WARNING * * *
The crimson imp hits you.
* * * LOW HITPOINT WARNING * * *
The shadow imp gestures at you. Pain shoots through your body!
You die...

##+# ### ### #....
... ... .....#
#.#####.#.# ......#
#.##......#
......5##.#...# .#
......h@......# .#
......5##.#...###.#
......# #.##).....#
.....# #.........#
#...# #######.###
##+# #.# #.# #.# #
#.# #.# #. ##.##
#.#


You could see Natasha, a crimson imp and a shadow imp.

Vanquished Creatures
  Natasha (D:3)
  2 adders (D:2)
  2 oozes (D:2)
  3 worms (D:2)
  4 giant cockroaches
  5 hobgoblins (D:2)
  A quokka (D:3)
  4 bats (D:2)
  3 giant newts (D:1)
  A goblin (D:2)
  3 jackals (D:2)
  2 kobolds
31 creatures vanquished.

Notes
Turn   | Place    | Note
--------------------------------------------------------------
     0 | D:1      | abixa the Gargoyle Fighter began the quest for the Orb.
     0 | D:1      | Reached XP level 1. HP: 14/14 MP: 1/1
   696 | D:2      | Reached XP level 2. HP: 14/19 MP: 2/2
   995 | D:2      | Reached XP level 3. HP: 23/23 MP: 3/3
  1238 | D:2      | Found a glowing golden altar of the Shining One.
  1754 | D:2      | Reached skill level 4 in Unarmed Combat
  1809 | D:2      | Reached XP level 4. HP: 21/28 MP: 4/4
  1825 | D:2      | Noticed Sigmund
  1945 | D:3      | Noticed Natasha
  1957 | D:3      | Killed Natasha
  2000 | D:3      | Noticed Natasha
  2014 | D:3      | Killed from afar by a shadow imp

Vault maps used:
D:1:      scummos_arrival_simple_crosswalls,
          hangedman_abyss_or_decor_lesser_grid
D:2:      serial_park_tiny_2, tso_metal_star, uniq_sigmund
D:3:      overflow_temple_1_default, first_bread, minmay_item_behind_shaft,
          uniq_robin, uniq_grinder, uniq_jessica, uniq_iyjb, uniq_natasha

Action                   |  1- 3 |  4- 6 || total
-------------------------+-------+-------++-------
Melee: Unarmed           |   161 |    36 ||   197
  Eat: Chunk             |     3 |     1 ||     4
